Login

Bunnies vs Gladiators

Created - November 12, 2023 at 12:05

Goals
1 2 3 T
Bunnies 0 0 0 0
Gladiators 3 0 2 5
Shots
1 2 3 T
Bunnies 10 11 6 27
Gladiators 13 8 18 39

GoalsPenalties
1st period
1. Gladiators , Geoff Copses 1 (Zach Hyman 9, Jake Guentzel 9) at 2:24 (PP)
2. Gladiators , Zach Hyman 3 (Nico Hischier 7) at 10:36 (PP)
3. Gladiators , Ryan Johansen 2 (Geoff Copses 3, Anthony Cirelli 2) at 17:46
Nazem Kadri (KOK) for Holding (Minor) at 0:27
Brenden Dillon (KOK) for Cross-checking (Minor) at 10:34
2nd period
No Goal
Nick Suzuki (KOK) for Holding (Minor) at 3:39
Brayden Schenn (KOK) for Tripping (Minor) at 13:51
3rd period
4. Gladiators , Travis Konecny 7 (Geoff Copses 4, Nico Hischier 8) at 0:15
5. Gladiators , Alex Tuch 6 (Sam Reinhart 6, Shea Theodore 5) at 19:05
Jamie Benn (KOK) for Hooking (Minor) at 1:46
Brenden Dillon (KOK) for Holding Stick (Minor) at 6:47
Jake Guentzel (ATH) for Hooking (Minor) at 15:49
Goalie Stats
Joonas Korpisalo (KOK), 34 saves from 39 shots - (0.872), L, 8-4-1, 60:00 minutes
Jake Oettinger (ATH), 27 saves from 27 shots - (1.000), W, 9-2-1, 60:00 minutes
3 StarsOfficial
1 - Geoff Copses (ATH)
2 - Jake Oettinger (ATH)
3 - Zach Hyman (ATH)
Referees : Unknown
Linesman : Unknown
Game Note
No Game Note
Finance
Level 1 -- Attendance: 4916 (81.93%) -- Ticket Income $491,600
Level 2 -- Attendance: 3646 (72.92%) -- Ticket Income $218,760
Level 3 -- Attendance: 1423 (71.15%) -- Ticket Income $49,805
Level 4 -- Attendance: 2940 (73.50%) -- Ticket Income $73,500
Luxury Box -- Attendance: 923 (92.30%) -- Ticket Income $184,600
Game was played at the Delphi Stadium.
Total Attendance: 13848 (76.93%)
Total Ticket Income: $1,018,265
Other Income: $407,306
Total Income: $1,425,571



Team Name Goals Shots Shots Attemp Shots Blocked PIM HIT PP PK FO%
Bunnies 027481212140 / 1 (0%)259%
Gladiators 5397652262 / 6 (33%)041%

Bunnies
Player Name POS G A P +/- PIM HIT SHT SB MP PP MP PP SHT PK MP PK SHT FO% FOT
Anthony DeangeloD0000001014:310:5500:4700% 0
Brayden SchennC/LW000-3201113:140:0002:57050% 4
Brenden DillonD000-2402014:020:0003:4700% 0
David SavardD000-1010319:070:0005:0900% 0
Erik KarlssonD000-2000122:351:0400:1200% 0
Filip HronekD0000011012:061:0400:0000% 0
Jamie BennC/LW0000203118:421:0414:24056% 18
Jeff PetryD0000040218:300:5504:4600% 0
Johnny GaudreauLW0000002014:330:0000:0800% 1
Matt DucheneC/RW0000003014:100:5500:0000% 0
Nazem KadriC/LW0000202016:040:0002:50067% 3
Nick JensenD000-1030319:070:0005:0900% 0
Nick SuzukiC0000212019:310:5504:12050% 28
Nipples TenderloinLW/RW000-3012126:330:5505:1200% 2
Patrice BergeronC0000002011:121:0400:00075% 12
Rickard RakellLW/RW0000011011:121:0400:000100% 2
Tyler SeguinC/RW000-3014010:250:0000:07075% 12
Vladimir TarasenkoRW0000011014:250:0000:0000% 0
Gladiators
Player Name POS G A P +/- PIM HIT SHT SB MP PP MP PP SHT PK MP PK SHT FO% FOT
Alec MartinezD0000022219:225:0020:5700% 0
Alex TuchLW/RW1011013020:005:2800:0000% 2
Anthony CirelliC/RW011100108:320:0001:04033% 9
Colton SissonsC/LW/RW0000010012:470:0000:000100% 1
Evan RodriguesC/LW/RW000101408:370:0001:0900% 1
Geoff CopsesD1233012126:354:5521:0200% 0
Jaccob SlavinD0002010124:364:0701:0200% 0
Jake GuentzelLW/RW0111225017:454:2700:0000% 1
Nick SchmaltzC/LW/RW0000002013:350:4800:00015% 13
Nico HischierC0221003017:464:2720:00072% 25
Ryan JohansenC/RW101100207:280:0000:0000% 0
Ryan SuterD0000012019:555:0020:5700% 0
Sam ReinhartC/RW0111014120:055:2830:05032% 25
Samuel GirardD0000010014:460:4800:0000% 0
Shea TheodoreD0111000014:460:0000:0000% 0
T.J. OshieC/RW0000072013:370:0000:5000% 0
Travis KonecnyLW/RW1011053018:475:2800:00033% 3
Zach HymanLW/RW1121024019:013:3940:50050% 2

Bunnies

5 vs 5 Forward
Line #Left WingCenterRight WingPHYDFOFWanted %Time %Time Play
1Nipples TenderloinPatrice BergeronRickard Rakell0142621%10:08
2Nazem KadriJamie BennMatt Duchene2032528%13:15
3Johnny GaudreauNick SuzukiVladimir Tarasenko0142530%14:25
4Brayden SchennTyler SeguinNipples Tenderloin1222421%10:18
5 vs 5 Defense
Line #DefenseDefensePHYDFOFWanted %Time %Time Play
1Erik KarlssonFilip Hronek0142623%11:02
2Jeff PetryAnthony Deangelo0142527%12:49
3Nick JensenDavid Savard1132529%13:58
4Erik KarlssonBrenden Dillon1132421%10:17
Power Play Forward
Line #Left WingCenterRight WingPHYDFOFWanted %Time %Time Play
1Jamie BennPatrice BergeronRickard Rakell0055054%1:04
2Nipples TenderloinNick SuzukiMatt Duchene0055046%0:55
Power Play Defense
Line #DefenseDefensePHYDFOFWanted %Time %Time Play
1Erik KarlssonFilip Hronek1135054%1:04
2Anthony DeangeloJeff Petry1135046%0:55
Penalty Kill 4 Players Forward
Line #CenterWingPHYDFOFWanted %Time %Time Play
1Nick SuzukiJamie Benn1135558%5:48
2Brayden SchennNipples Tenderloin1134542%4:07
Penalty Kill 4 Players Defense
Line #DefenseDefensePHYDFOFWanted %Time %Time Play
1Nick JensenDavid Savard1315552%5:09
2Brenden DillonJeff Petry1314548%4:46
Penalty Kill 3 Players
Line #WingPHYDFOFWanted %Time %Time PlayDefenseDefensePHYDFOFWanted %Time %Time Play
1Nipples Tenderloin122550%0:00 Nick JensenDavid Savard122550%0:00
2Patrice Bergeron122450%0:00 Brenden DillonJeff Petry122450%0:00
4 vs 4 Forward
Line #CenterWingPHYDFOFWanted %Time %Time Play
1Nipples TenderloinJohnny Gaudreau122550%0:00
2Matt DucheneVladimir Tarasenko122450%0:00
4 vs 4 Defense
Line #DefensePHYDFOFWanted %Time %Time Play
1Brenden DillonAnthony Deangelo122550%0:00
2Erik KarlssonFilip Hronek122450%0:00
Last Minutes Offensive
Left WingCenterRight WingDefenseDefense
Johnny GaudreauJamie BennNipples TenderloinErik KarlssonAnthony Deangelo
Last Minutes Defensive
Left WingCenterRight WingDefenseDefense
Brayden SchennNazem KadriTyler SeguinJeff PetryDavid Savard
Time
Total ForwardTotal DefenseLast Minutes OffensiveLast Minutes Defensive
60:00 60:00 0:000:00
Extra Forwards
Normal PowerPlayPenalty Kill
Nazem Kadri, Brayden Schenn, Johnny GaudreauVladimir Tarasenko, Johnny GaudreauNazem Kadri
Extra Defensemen
Normal PowerPlayPenalty Kill
Brenden Dillon, Nick Jensen, David SavardBrenden Dillon, Anthony DeangeloErik Karlsson
Penalty Shots
Nipples Tenderloin, Rickard Rakell, Tyler Seguin, Nick Suzuki, Anthony Deangelo
Goalie
Joonas Korpisalo, Semyon Varlamov
Custom OT Lines Forwards
Nipples Tenderloin, Johnny Gaudreau, Matt Duchene, Rickard Rakell, Jamie Benn, Nick Suzuki, Brayden Schenn, Nazem Kadri, Vladimir Tarasenko, Tyler Seguin
Custom OT Lines Defensemen
Erik Karlsson, Filip Hronek, Anthony Deangelo, Brenden Dillon, Nick Jensen
Scratches
Radko Gudas (Healthy)

Gladiators

5 vs 5 Forward
Line #Left WingCenterRight WingPHYDFOFWanted %Time %Time Play
1Alex TuchSam ReinhartZach Hyman1223030%14:32
2Travis KonecnyNico HischierJake Guentzel1222828%13:19
3Colton SissonsNick SchmaltzT.J. Oshie1222627%12:47
4Evan RodriguesAnthony CirelliRyan Johansen1221616%7:28
5 vs 5 Defense
Line #DefenseDefensePHYDFOFWanted %Time %Time Play
1Geoff CopsesShea Theodore1223031%14:46
2Alec MartinezJaccob Slavin1222828%13:25
3Samuel GirardRyan Suter1222629%13:58
4Geoff CopsesJaccob Slavin1221612%5:57
Power Play Forward
Line #Left WingCenterRight WingPHYDFOFWanted %Time %Time Play
1Alex TuchSam ReinhartTravis Konecny1225555%5:28
2Jake GuentzelNico HischierZach Hyman1224545%4:27
Power Play Defense
Line #DefenseDefensePHYDFOFWanted %Time %Time Play
1Geoff CopsesJaccob Slavin1225550%4:55
2Alec MartinezRyan Suter1224550%5:00
Penalty Kill 4 Players Forward
Line #CenterWingPHYDFOFWanted %Time %Time Play
1Anthony CirelliEvan Rodrigues1225558%1:09
2T.J. OshieZach Hyman1224542%0:50
Penalty Kill 4 Players Defense
Line #DefenseDefensePHYDFOFWanted %Time %Time Play
1Geoff CopsesJaccob Slavin1225552%1:02
2Alec MartinezRyan Suter1224548%0:57
Penalty Kill 3 Players
Line #WingPHYDFOFWanted %Time %Time PlayDefenseDefensePHYDFOFWanted %Time %Time Play
1Colton Sissons122550%0:00 Geoff CopsesJaccob Slavin122550%0:00
2Evan Rodrigues122450%0:00 Shea TheodoreRyan Suter122450%0:00
4 vs 4 Forward
Line #CenterWingPHYDFOFWanted %Time %Time Play
1Alex TuchJake Guentzel122550%0:00
2Travis KonecnyZach Hyman122450%0:00
4 vs 4 Defense
Line #DefensePHYDFOFWanted %Time %Time Play
1Geoff CopsesJaccob Slavin122550%0:00
2Alec MartinezRyan Suter122450%0:00
Last Minutes Offensive
Left WingCenterRight WingDefenseDefense
Zach HymanSam ReinhartJake GuentzelGeoff CopsesSamuel Girard
Last Minutes Defensive
Left WingCenterRight WingDefenseDefense
Evan RodriguesAnthony CirelliT.J. OshieGeoff CopsesJaccob Slavin
Time
Total ForwardTotal DefenseLast Minutes OffensiveLast Minutes Defensive
60:00 60:00 0:000:00
Extra Forwards
Normal PowerPlayPenalty Kill
Nick Schmaltz, Anthony Cirelli, T.J. OshieNick Schmaltz, Colton SissonsT.J. Oshie
Extra Defensemen
Normal PowerPlayPenalty Kill
Samuel Girard, Shea Theodore, Alec MartinezSamuel Girard, Shea TheodoreAlec Martinez
Penalty Shots
Alex Tuch, Jake Guentzel, Travis Konecny, Zach Hyman, Sam Reinhart
Goalie
Jake Oettinger, Ville Husso
Custom OT Lines Forwards
Alex Tuch, Jake Guentzel, Travis Konecny, Zach Hyman, Sam Reinhart, Nico Hischier, Nick Schmaltz, Colton Sissons, T.J. Oshie, Ryan Johansen
Custom OT Lines Defensemen
Geoff Copses, Jaccob Slavin, Shea Theodore, Ryan Suter, Samuel Girard
Scratches
Josh Manson (Healthy), Jack Roslovic (Healthy), Matthew Phillips (Healthy)


Play-by-Play

1st period


0:01 of 1st period - Rickard Rakell wins face-off versus Sam Reinhart in neutral zone.
0:06 of 1st period - Shot by Patrice Bergeron.
0:06 of 1st period - Stopped by Jake Oettinger without a rebound.
0:07 of 1st period - Nico Hischier wins face-off versus Jamie Benn in Gladiators zone.
0:19 of 1st period - Nico Hischier is hit by Jeff Petry and loses puck.
0:27 of 1st period - Minor Penalty to Nazem Kadri for Holding.
0:28 of 1st period - Nick Suzuki wins face-off versus Sam Reinhart in Bunnies zone.
0:53 of 1st period - Shot by Sam Reinhart.
0:53 of 1st period - Shot Misses the Net.
0:57 of 1st period - Shot by Sam Reinhart.
0:57 of 1st period - Stopped by Joonas Korpisalo without a rebound.
0:58 of 1st period - Nico Hischier wins face-off versus Jamie Benn in Bunnies zone.
1:09 of 1st period - Shot by Nico Hischier.
1:09 of 1st period - Deflect By Zach Hyman.
1:09 of 1st period - Stopped by Joonas Korpisalo without a rebound.
1:10 of 1st period - Nico Hischier wins face-off versus Nick Suzuki in Bunnies zone.
1:15 of 1st period - Shot by Ryan Suter.
1:15 of 1st period - Shot Blocked by David Savard.
1:17 of 1st period - Shot by Alec Martinez.
1:17 of 1st period - Stopped by Joonas Korpisalo without a rebound.
1:18 of 1st period - Jamie Benn wins face-off versus Sam Reinhart in Bunnies zone.
2:16 of 1st period - Shot by Geoff Copses.
2:16 of 1st period - Shot Misses the Net.
2:24 of 1st period - Shot by Geoff Copses.
2:24 of 1st period - Goal by Geoff Copses - Bunnies : 0 - Gladiators : 1.
2:25 of 1st period - Nick Schmaltz wins face-off versus Patrice Bergeron in neutral zone.
2:25 of 1st period - Nick Schmaltz is hit by Rickard Rakell.
2:32 of 1st period - Nick Schmaltz is hit by Filip Hronek.
3:12 of 1st period - Patrice Bergeron is hit by T.J. Oshie and loses puck.
5:07 of 1st period - Shot by Matt Duchene.
5:07 of 1st period - Shot Misses the Net.
6:04 of 1st period - Shot by Nipples Tenderloin.
6:04 of 1st period - Shot Misses the Net.
6:06 of 1st period - Shot by Brayden Schenn.
6:06 of 1st period - Stopped by Jake Oettinger with a rebound.
6:18 of 1st period - Shot by Nipples Tenderloin.
6:18 of 1st period - Deflect By Tyler Seguin.
6:18 of 1st period - Stopped by Jake Oettinger without a rebound.
6:19 of 1st period - Nick Suzuki wins face-off versus Sam Reinhart in Gladiators zone.
6:30 of 1st period - Icing by Jaccob Slavin.
6:31 of 1st period - Patrice Bergeron wins face-off versus Sam Reinhart in Gladiators zone.
6:34 of 1st period - Shot by Nipples Tenderloin.
6:34 of 1st period - Shot Misses the Net.
6:58 of 1st period - Shot by Patrice Bergeron.
6:58 of 1st period - Shot Blocked by Alec Martinez.
7:00 of 1st period - Shot by Brenden Dillon.
7:00 of 1st period - Stopped by Jake Oettinger without a rebound.
7:01 of 1st period - Nick Suzuki wins face-off versus Nico Hischier in Gladiators zone.
7:18 of 1st period - Shot by Shea Theodore.
7:18 of 1st period - Shot Misses the Net.
7:28 of 1st period - Shot by Nico Hischier.
7:28 of 1st period - Shot Misses the Net.
8:24 of 1st period - Shot by Anthony Deangelo.
8:24 of 1st period - Stopped by Jake Oettinger without a rebound.
8:25 of 1st period - Tyler Seguin wins face-off versus Sam Reinhart in Gladiators zone.
8:37 of 1st period - Icing by Zach Hyman.
8:38 of 1st period - Patrice Bergeron wins face-off versus Sam Reinhart in Gladiators zone.
9:55 of 1st period - Shot by Travis Konecny.
9:55 of 1st period - Stopped by Joonas Korpisalo with a rebound.
9:57 of 1st period - Shot by Nico Hischier.
9:57 of 1st period - Shot Misses the Net.
9:59 of 1st period - Shot by Ryan Suter.
9:59 of 1st period - Shot Blocked by Jeff Petry.
10:11 of 1st period - Shot by Nico Hischier.
10:11 of 1st period - Stopped by Joonas Korpisalo without a rebound.
10:12 of 1st period - Nick Suzuki wins face-off versus Nick Schmaltz in Bunnies zone.
10:12 of 1st period - Nick Suzuki is hit by T.J. Oshie.
10:21 of 1st period - Icing by Geoff Copses.
10:22 of 1st period - Nick Suzuki wins face-off versus Nick Schmaltz in Gladiators zone.
10:34 of 1st period - Minor Penalty to Brenden Dillon for Cross-checking.
10:35 of 1st period - Nico Hischier wins face-off versus Nick Suzuki in Bunnies zone.
10:36 of 1st period - Shot by Zach Hyman.
10:36 of 1st period - Goal by Zach Hyman - Bunnies : 0 - Gladiators : 2.
10:37 of 1st period - Colton Sissons wins face-off versus Tyler Seguin in neutral zone.
12:13 of 1st period - Shot by Jake Guentzel.
12:13 of 1st period - Stopped by Joonas Korpisalo without a rebound.
12:14 of 1st period - Jamie Benn wins face-off versus Sam Reinhart in Bunnies zone.
12:14 of 1st period - Jamie Benn is hit by Alex Tuch.
12:19 of 1st period - Anthony Deangelo is hit by Sam Reinhart and loses puck.
12:28 of 1st period - Shot by Matt Duchene.
12:28 of 1st period - Deflect By Jamie Benn.
12:28 of 1st period - Stopped by Jake Oettinger without a rebound.
12:29 of 1st period - Patrice Bergeron wins face-off versus Evan Rodrigues in Gladiators zone.
12:29 of 1st period - Patrice Bergeron is hit by Jaccob Slavin.
13:14 of 1st period - Icing by Nipples Tenderloin.
13:15 of 1st period - Patrice Bergeron wins face-off versus Alex Tuch in Bunnies zone.
13:53 of 1st period - Shot by Matt Duchene.
13:53 of 1st period - Shot Misses the Net.
14:03 of 1st period - Shot by Matt Duchene.
14:03 of 1st period - Stopped by Jake Oettinger with a rebound.
14:27 of 1st period - Icing by Geoff Copses.
14:28 of 1st period - Nick Suzuki wins face-off versus Sam Reinhart in Gladiators zone.
14:44 of 1st period - Geoff Copses is hit by Nick Jensen and loses puck.
15:47 of 1st period - Shot by Nipples Tenderloin.
15:47 of 1st period - Stopped by Jake Oettinger with a rebound.
15:49 of 1st period - Shot by Brenden Dillon.
15:49 of 1st period - Stopped by Jake Oettinger without a rebound.
15:50 of 1st period - Jamie Benn wins face-off versus Nick Schmaltz in Gladiators zone.
16:03 of 1st period - Shot by Nazem Kadri.
16:03 of 1st period - Deflect By Jamie Benn.
16:03 of 1st period - Shot Misses the Net.
16:25 of 1st period - Shot by Nazem Kadri.
16:25 of 1st period - Shot Misses the Net.
17:03 of 1st period - Shot by Ryan Johansen.
17:03 of 1st period - Shot Blocked by Nipples Tenderloin.
17:07 of 1st period - Shot by Anthony Cirelli.
17:07 of 1st period - Deflect By Evan Rodrigues.
17:07 of 1st period - Stopped by Joonas Korpisalo with a rebound.
17:09 of 1st period - Shot by Evan Rodrigues.
17:09 of 1st period - Stopped by Joonas Korpisalo without a rebound.
17:10 of 1st period - Nico Hischier wins face-off versus Johnny Gaudreau in Bunnies zone.
17:28 of 1st period - Off-side.
17:29 of 1st period - Tyler Seguin wins face-off versus Anthony Cirelli in neutral zone.
17:40 of 1st period - Shot by Ryan Johansen.
17:40 of 1st period - Stopped by Joonas Korpisalo with a rebound.
17:42 of 1st period - Shot by Anthony Cirelli.
17:42 of 1st period - Stopped by Joonas Korpisalo with a rebound.
17:46 of 1st period - Shot by Ryan Johansen.
17:46 of 1st period - Goal by Ryan Johansen - Bunnies : 0 - Gladiators : 3.
17:47 of 1st period - Jamie Benn wins face-off versus Jake Guentzel in neutral zone.
18:02 of 1st period - David Savard is hit by Travis Konecny and loses puck.
18:17 of 1st period - Icing by Ryan Suter.
18:18 of 1st period - Tyler Seguin wins face-off versus Nico Hischier in Gladiators zone.
18:41 of 1st period - Brayden Schenn is hit by Travis Konecny and loses puck.
18:49 of 1st period - Icing by Brenden Dillon.
18:50 of 1st period - Tyler Seguin wins face-off versus Nick Schmaltz in Bunnies zone.
18:50 of 1st period - Erik Karlsson is hit by T.J. Oshie and loses puck.
19:23 of 1st period - Johnny Gaudreau is hit by T.J. Oshie and loses puck.
19:33 of 1st period - Jeff Petry is hit by T.J. Oshie and loses puck.
19:46 of 1st period - Shot by Vladimir Tarasenko.
19:46 of 1st period - Shot Misses the Net.
19:48 of 1st period - Shot by Johnny Gaudreau.
19:48 of 1st period - Shot Misses the Net.
19:50 of 1st period - Shot by Jeff Petry.
19:50 of 1st period - Shot Misses the Net.
19:54 of 1st period - Shot by Nick Suzuki.
19:54 of 1st period - Stopped by Jake Oettinger with a rebound.
Goals for this period are 0 for Bunnies vs 3 for Gladiators.
Shots for this period are 10 for Bunnies vs 13 for Gladiators.

2nd period


0:01 of 2nd period - Tyler Seguin wins face-off versus Sam Reinhart in neutral zone.
0:01 of 2nd period - Nipples Tenderloin is hit by Zach Hyman and loses puck.
0:16 of 2nd period - Shot by Nipples Tenderloin.
0:16 of 2nd period - Shot Blocked by Jaccob Slavin.
0:26 of 2nd period - Shot by Alex Tuch.
0:26 of 2nd period - Stopped by Joonas Korpisalo without a rebound.
0:27 of 2nd period - Jamie Benn wins face-off versus Anthony Cirelli in Bunnies zone.
0:34 of 2nd period - Shot by Nazem Kadri.
0:34 of 2nd period - Stopped by Jake Oettinger without a rebound.
0:35 of 2nd period - Jamie Benn wins face-off versus Anthony Cirelli in Gladiators zone.
1:06 of 2nd period - Nazem Kadri is hit by Evan Rodrigues and loses puck.
1:38 of 2nd period - Nazem Kadri is hit by Zach Hyman and loses puck.
2:01 of 2nd period - Shot by Sam Reinhart.
2:01 of 2nd period - Shot Misses the Net.
2:03 of 2nd period - Shot by Zach Hyman.
2:03 of 2nd period - Deflect By Sam Reinhart.
2:03 of 2nd period - Stopped by Joonas Korpisalo without a rebound.
2:04 of 2nd period - Nick Suzuki wins face-off versus Nico Hischier in Bunnies zone.
2:04 of 2nd period - Nick Suzuki is hit by Travis Konecny.
2:20 of 2nd period - Shot by Vladimir Tarasenko.
2:20 of 2nd period - Stopped by Jake Oettinger without a rebound.
2:21 of 2nd period - Rickard Rakell wins face-off versus Nick Schmaltz in Gladiators zone.
3:30 of 2nd period - Shot by Alex Tuch.
3:30 of 2nd period - Stopped by Joonas Korpisalo without a rebound.
3:31 of 2nd period - Nico Hischier wins face-off versus Nick Suzuki in Bunnies zone.
3:36 of 2nd period - Shot by Travis Konecny.
3:36 of 2nd period - Stopped by Joonas Korpisalo without a rebound.
3:37 of 2nd period - Nick Suzuki wins face-off versus Nico Hischier in Bunnies zone.
3:39 of 2nd period - Minor Penalty to Nick Suzuki for Holding.
3:40 of 2nd period - Nazem Kadri wins face-off versus Sam Reinhart in Bunnies zone.
3:57 of 2nd period - Shot by Alex Tuch.
3:57 of 2nd period - Shot Blocked by Jamie Benn.
4:17 of 2nd period - Shot by Sam Reinhart.
4:17 of 2nd period - Shot Misses the Net.
4:19 of 2nd period - Shot by Alec Martinez.
4:19 of 2nd period - Stopped by Joonas Korpisalo without a rebound.
4:20 of 2nd period - Brayden Schenn wins face-off versus Nico Hischier in Bunnies zone.
4:20 of 2nd period - Brayden Schenn is hit by Jake Guentzel.
4:43 of 2nd period - Shot by Geoff Copses.
4:43 of 2nd period - Shot Misses the Net.
4:49 of 2nd period - Shot by Jake Guentzel.
4:49 of 2nd period - Deflect By Zach Hyman.
4:49 of 2nd period - Stopped by Joonas Korpisalo without a rebound.
4:50 of 2nd period - Nazem Kadri wins face-off versus Travis Konecny in Bunnies zone.
4:50 of 2nd period - Nazem Kadri is hit by Travis Konecny.
5:16 of 2nd period - Shot by Alex Tuch.
5:16 of 2nd period - Shot Misses the Net.
5:26 of 2nd period - Nipples Tenderloin is hit by Travis Konecny and loses puck.
5:51 of 2nd period - Filip Hronek is hit by Colton Sissons.
6:43 of 2nd period - Samuel Girard is hit by Tyler Seguin and loses puck.
6:52 of 2nd period - Shot by Ryan Johansen.
6:52 of 2nd period - Shot Misses the Net.
7:54 of 2nd period - Icing by Alec Martinez.
7:55 of 2nd period - Nico Hischier wins face-off versus Nick Suzuki in Gladiators zone.
8:01 of 2nd period - Icing by Jake Guentzel.
8:02 of 2nd period - Nick Suzuki wins face-off versus Nico Hischier in Gladiators zone.
8:05 of 2nd period - Shot by Johnny Gaudreau.
8:05 of 2nd period - Stopped by Jake Oettinger without a rebound.
8:06 of 2nd period - Sam Reinhart wins face-off versus Patrice Bergeron in Gladiators zone.
8:22 of 2nd period - Shot by Patrice Bergeron.
8:22 of 2nd period - Stopped by Jake Oettinger without a rebound.
8:23 of 2nd period - Nico Hischier wins face-off versus Nick Suzuki in Gladiators zone.
8:32 of 2nd period - Shot by Jake Guentzel.
8:32 of 2nd period - Stopped by Joonas Korpisalo without a rebound.
8:33 of 2nd period - Sam Reinhart wins face-off versus Tyler Seguin in Bunnies zone.
8:34 of 2nd period - Shot by Zach Hyman.
8:34 of 2nd period - Shot Blocked by Erik Karlsson.
8:40 of 2nd period - Shot by Tyler Seguin.
8:40 of 2nd period - Stopped by Jake Oettinger without a rebound.
8:41 of 2nd period - Sam Reinhart wins face-off versus Tyler Seguin in Gladiators zone.
8:58 of 2nd period - Shot by Tyler Seguin.
8:58 of 2nd period - Deflect By Brayden Schenn.
8:58 of 2nd period - Shot Blocked by Sam Reinhart.
9:00 of 2nd period - Shot by Tyler Seguin.
9:00 of 2nd period - Stopped by Jake Oettinger without a rebound.
9:01 of 2nd period - Nico Hischier wins face-off versus Jamie Benn in Gladiators zone.
9:05 of 2nd period - Off-side.
9:06 of 2nd period - Patrice Bergeron wins face-off versus Sam Reinhart in neutral zone.
9:19 of 2nd period - Shot by Rickard Rakell.
9:19 of 2nd period - Shot Blocked by Geoff Copses.
10:00 of 2nd period - Icing by Jaccob Slavin.
10:01 of 2nd period - Sam Reinhart wins face-off versus Nick Suzuki in Gladiators zone.
10:01 of 2nd period - Sam Reinhart is hit by Vladimir Tarasenko.
10:43 of 2nd period - Shot by Nick Suzuki.
10:43 of 2nd period - Stopped by Jake Oettinger without a rebound.
10:44 of 2nd period - Jamie Benn wins face-off versus Nick Schmaltz in Gladiators zone.
10:51 of 2nd period - Shot by Nazem Kadri.
10:51 of 2nd period - Stopped by Jake Oettinger without a rebound.
10:52 of 2nd period - Tyler Seguin wins face-off versus Nick Schmaltz in Gladiators zone.
11:13 of 2nd period - Shot by T.J. Oshie.
11:13 of 2nd period - Stopped by Joonas Korpisalo without a rebound.
11:14 of 2nd period - Nico Hischier wins face-off versus Jamie Benn in Bunnies zone.
11:21 of 2nd period - Shot by Jamie Benn.
11:21 of 2nd period - Stopped by Jake Oettinger without a rebound.
11:22 of 2nd period - Nico Hischier wins face-off versus Patrice Bergeron in Gladiators zone.
11:37 of 2nd period - Travis Konecny is hit by Nipples Tenderloin and loses puck.
12:11 of 2nd period - Off-side.
12:12 of 2nd period - Jamie Benn wins face-off versus Sam Reinhart in neutral zone.
12:48 of 2nd period - Matt Duchene is hit by Alec Martinez and loses puck.
13:05 of 2nd period - Shot by Nick Suzuki.
13:05 of 2nd period - Shot Misses the Net.
13:46 of 2nd period - Icing by Samuel Girard.
13:47 of 2nd period - Tyler Seguin wins face-off versus Nick Schmaltz in Gladiators zone.
13:51 of 2nd period - Minor Penalty to Brayden Schenn for Tripping.
13:52 of 2nd period - Nico Hischier wins face-off versus Nazem Kadri in Bunnies zone.
13:55 of 2nd period - Shot by Nico Hischier.
13:55 of 2nd period - Shot Misses the Net.
13:57 of 2nd period - Shot by Geoff Copses.
13:57 of 2nd period - Shot Misses the Net.
13:59 of 2nd period - Shot by Geoff Copses.
13:59 of 2nd period - Shot Blocked by David Savard.
14:11 of 2nd period - Shot by Geoff Copses.
14:11 of 2nd period - Shot Misses the Net.
14:20 of 2nd period - Jake Guentzel is hit by Nick Jensen and loses puck.
14:37 of 2nd period - Shot by Ryan Suter.
14:37 of 2nd period - Shot Misses the Net.
15:13 of 2nd period - Shot by Geoff Copses.
15:13 of 2nd period - Shot Misses the Net.
15:15 of 2nd period - Shot by Geoff Copses.
15:15 of 2nd period - Shot Misses the Net.
15:55 of 2nd period - Shot by Johnny Gaudreau.
15:55 of 2nd period - Stopped by Jake Oettinger without a rebound.
15:56 of 2nd period - Tyler Seguin wins face-off versus Anthony Cirelli in Gladiators zone.
15:56 of 2nd period - Filip Hronek is hit by Samuel Girard and loses puck.
16:15 of 2nd period - Shot by Nipples Tenderloin.
16:15 of 2nd period - Stopped by Jake Oettinger without a rebound.
16:16 of 2nd period - Nick Suzuki wins face-off versus Zach Hyman in Gladiators zone.
17:26 of 2nd period - Geoff Copses is hit by Jeff Petry.
17:34 of 2nd period - Shot by Nick Schmaltz.
17:34 of 2nd period - Shot Misses the Net.
17:36 of 2nd period - Shot by Nick Schmaltz.
17:36 of 2nd period - Shot Blocked by Jeff Petry.
19:16 of 2nd period - Icing by Ryan Johansen.
19:17 of 2nd period - Anthony Cirelli wins face-off versus Nipples Tenderloin in Gladiators zone.
Goals for this period are 0 for Bunnies vs 0 for Gladiators.
Shots for this period are 11 for Bunnies vs 8 for Gladiators.

3rd period


0:01 of 3rd period - Nico Hischier wins face-off versus Nipples Tenderloin in neutral zone.
0:15 of 3rd period - Shot by Travis Konecny.
0:15 of 3rd period - Goal by Travis Konecny - Bunnies : 0 - Gladiators : 4.
0:16 of 3rd period - Jamie Benn wins face-off versus Alex Tuch in neutral zone.
0:51 of 3rd period - Matt Duchene is hit by Ryan Suter and loses puck.
1:25 of 3rd period - Shot by Jake Guentzel.
1:25 of 3rd period - Shot Blocked by David Savard.
1:27 of 3rd period - Shot by Jake Guentzel.
1:27 of 3rd period - Shot Blocked by Nick Jensen.
1:46 of 3rd period - Minor Penalty to Jamie Benn for Hooking.
1:47 of 3rd period - Sam Reinhart wins face-off versus Brayden Schenn in Bunnies zone.
1:50 of 3rd period - Shot by Sam Reinhart.
1:50 of 3rd period - Shot Misses the Net.
1:52 of 3rd period - Shot by Ryan Suter.
1:52 of 3rd period - Stopped by Joonas Korpisalo without a rebound.
1:53 of 3rd period - Brayden Schenn wins face-off versus Nico Hischier in Bunnies zone.
1:53 of 3rd period - Brayden Schenn is hit by Jake Guentzel.
2:11 of 3rd period - Shot by Geoff Copses.
2:11 of 3rd period - Shot Hit the Post.
2:13 of 3rd period - Shot by Geoff Copses.
2:13 of 3rd period - Shot Misses the Net.
2:15 of 3rd period - Shot by Jaccob Slavin.
2:15 of 3rd period - Shot Misses the Net.
2:32 of 3rd period - Off-side.
2:33 of 3rd period - Travis Konecny wins face-off versus Nick Suzuki in neutral zone.
2:56 of 3rd period - Shot by Sam Reinhart.
2:56 of 3rd period - Stopped by Joonas Korpisalo with a rebound.
2:58 of 3rd period - Shot by Sam Reinhart.
2:58 of 3rd period - Stopped by Joonas Korpisalo with a rebound.
3:22 of 3rd period - Shot by Geoff Copses.
3:22 of 3rd period - Shot Blocked by Nick Jensen.
3:24 of 3rd period - Shot by Geoff Copses.
3:24 of 3rd period - Shot Misses the Net.
3:26 of 3rd period - Shot by Nico Hischier.
3:26 of 3rd period - Stopped by Joonas Korpisalo without a rebound.
3:27 of 3rd period - Zach Hyman wins face-off versus Nick Suzuki in Bunnies zone.
4:07 of 3rd period - Shot by T.J. Oshie.
4:07 of 3rd period - Stopped by Joonas Korpisalo with a rebound.
4:17 of 3rd period - Shot by Matt Duchene.
4:17 of 3rd period - Stopped by Jake Oettinger without a rebound.
4:18 of 3rd period - Anthony Cirelli wins face-off versus Nick Suzuki in Gladiators zone.
4:42 of 3rd period - Shot by Johnny Gaudreau.
4:42 of 3rd period - Shot Misses the Net.
5:20 of 3rd period - Shot by Tyler Seguin.
5:20 of 3rd period - Stopped by Jake Oettinger without a rebound.
5:21 of 3rd period - Nico Hischier wins face-off versus Jamie Benn in Gladiators zone.
6:46 of 3rd period - Shot by T.J. Oshie.
6:46 of 3rd period - Deflect By Nick Schmaltz.
6:46 of 3rd period - Stopped by Joonas Korpisalo with a rebound.
6:47 of 3rd period - Minor Penalty to Brenden Dillon for Holding Stick.
6:48 of 3rd period - Sam Reinhart wins face-off versus Nick Suzuki in Bunnies zone.
7:18 of 3rd period - Icing by Geoff Copses.
7:19 of 3rd period - Nick Suzuki wins face-off versus Sam Reinhart in Gladiators zone.
7:47 of 3rd period - Shot by Nico Hischier.
7:47 of 3rd period - Stopped by Joonas Korpisalo with a rebound.
7:49 of 3rd period - Shot by Jake Guentzel.
7:49 of 3rd period - Shot Blocked by Brayden Schenn.
7:51 of 3rd period - Shot by Alec Martinez.
7:51 of 3rd period - Shot Misses the Net.
7:53 of 3rd period - Shot by Zach Hyman.
7:53 of 3rd period - Stopped by Joonas Korpisalo without a rebound.
7:54 of 3rd period - Nico Hischier wins face-off versus Brayden Schenn in Bunnies zone.
8:23 of 3rd period - Shot by Jake Guentzel.
8:23 of 3rd period - Shot Blocked by Nick Jensen.
8:25 of 3rd period - Shot by Ryan Suter.
8:25 of 3rd period - Stopped by Joonas Korpisalo without a rebound.
8:26 of 3rd period - Nick Suzuki wins face-off versus Sam Reinhart in Bunnies zone.
8:37 of 3rd period - Shot by Geoff Copses.
8:37 of 3rd period - Shot Misses the Net.
8:39 of 3rd period - Shot by Geoff Copses.
8:39 of 3rd period - Shot Misses the Net.
8:41 of 3rd period - Shot by Geoff Copses.
8:41 of 3rd period - Stopped by Joonas Korpisalo without a rebound.
8:42 of 3rd period - Nico Hischier wins face-off versus Nick Suzuki in Bunnies zone.
9:38 of 3rd period - Icing by Erik Karlsson.
9:39 of 3rd period - Nick Suzuki wins face-off versus Sam Reinhart in Bunnies zone.
10:23 of 3rd period - Icing by Alex Tuch.
10:24 of 3rd period - Sam Reinhart wins face-off versus Jamie Benn in Gladiators zone.
11:04 of 3rd period - Nico Hischier is hit by Jeff Petry and loses puck.
11:15 of 3rd period - Shot by Jake Guentzel.
11:15 of 3rd period - Stopped by Joonas Korpisalo without a rebound.
11:16 of 3rd period - Patrice Bergeron wins face-off versus Nick Schmaltz in Bunnies zone.
11:16 of 3rd period - Rickard Rakell is hit by T.J. Oshie and loses puck.
11:41 of 3rd period - Shot by Patrice Bergeron.
11:41 of 3rd period - Shot Misses the Net.
12:36 of 3rd period - Shot by Evan Rodrigues.
12:36 of 3rd period - Stopped by Joonas Korpisalo with a rebound.
12:38 of 3rd period - Shot by Evan Rodrigues.
12:38 of 3rd period - Stopped by Joonas Korpisalo with a rebound.
13:08 of 3rd period - Shot by Jake Guentzel.
13:08 of 3rd period - Stopped by Joonas Korpisalo without a rebound.
13:09 of 3rd period - Sam Reinhart wins face-off versus Jamie Benn in Bunnies zone.
13:21 of 3rd period - Geoff Copses is hit by Jeff Petry and loses puck.
13:44 of 3rd period - Shot by Matt Duchene.
13:44 of 3rd period - Shot Misses the Net.
13:51 of 3rd period - Icing by Geoff Copses.
13:52 of 3rd period - Tyler Seguin wins face-off versus Sam Reinhart in Gladiators zone.
13:52 of 3rd period - Tyler Seguin is hit by Geoff Copses.
14:32 of 3rd period - Shot by Tyler Seguin.
14:32 of 3rd period - Shot Misses the Net.
14:34 of 3rd period - Shot by Filip Hronek.
14:34 of 3rd period - Stopped by Jake Oettinger without a rebound.
14:35 of 3rd period - Nico Hischier wins face-off versus Nick Suzuki in Gladiators zone.
14:35 of 3rd period - Travis Konecny is hit by Nick Suzuki and loses puck.
15:08 of 3rd period - Shot by Jake Guentzel.
15:08 of 3rd period - Stopped by Joonas Korpisalo without a rebound.
15:09 of 3rd period - Jamie Benn wins face-off versus Nick Schmaltz in Bunnies zone.
15:09 of 3rd period - Jamie Benn is hit by T.J. Oshie.
15:29 of 3rd period - Shot by Matt Duchene.
15:29 of 3rd period - Stopped by Jake Oettinger without a rebound.
15:30 of 3rd period - Patrice Bergeron wins face-off versus Anthony Cirelli in Gladiators zone.
15:31 of 3rd period - Shot by Rickard Rakell.
15:31 of 3rd period - Stopped by Jake Oettinger without a rebound.
15:32 of 3rd period - Patrice Bergeron wins face-off versus Travis Konecny in Gladiators zone.
15:32 of 3rd period - Patrice Bergeron is hit by Alec Martinez.
15:43 of 3rd period - Icing by Alec Martinez.
15:44 of 3rd period - Nico Hischier wins face-off versus Jamie Benn in Gladiators zone.
15:49 of 3rd period - Minor Penalty to Jake Guentzel for Hooking.
15:50 of 3rd period - Patrice Bergeron wins face-off versus Anthony Cirelli in Gladiators zone.
15:51 of 3rd period - Shot by Jamie Benn.
15:51 of 3rd period - Stopped by Jake Oettinger without a rebound.
15:52 of 3rd period - Anthony Cirelli wins face-off versus Nick Suzuki in Gladiators zone.
16:05 of 3rd period - Shot by Anthony Deangelo.
16:05 of 3rd period - Shot Blocked by Alec Martinez.
16:07 of 3rd period - Shot by Jeff Petry.
16:07 of 3rd period - Shot Misses the Net.
17:22 of 3rd period - Shot by Jamie Benn.
17:22 of 3rd period - Shot Misses the Net.
18:26 of 3rd period - Nico Hischier is hit by Nick Jensen.
19:03 of 3rd period - Sam Reinhart is hit by David Savard.
19:05 of 3rd period - Shot by Alex Tuch.
19:05 of 3rd period - Goal by Alex Tuch - Bunnies : 0 - Gladiators : 5.
19:06 of 3rd period - Nick Schmaltz wins face-off versus Nick Suzuki in neutral zone.
19:13 of 3rd period - Shot by Nick Schmaltz.
19:13 of 3rd period - Stopped by Joonas Korpisalo without a rebound.
19:14 of 3rd period - Nick Suzuki wins face-off versus Nick Schmaltz in Bunnies zone.
Goals for this period are 0 for Bunnies vs 2 for Gladiators.
Shots for this period are 6 for Bunnies vs 18 for Gladiators.